 Dungeon Crawl Stone Soup version 0.23.1 (webtiles) character file.

Game seed: 0

187 night the Charlatan (level 5, -6/37 HPs)
             Began as a Demonspawn Artificer on Mar 8, 2019.
             Mangled by an iron imp (9 damage)
             ... summoned by Eustachio
             ... on level 4 of the Dungeon.
             The game lasted 00:07:01 (3338 turns).

night the Charlatan (Demonspawn Artificer)          Turns: 3338, Time: 00:07:07

Health: -6/37      AC:  4    Str: 14    XL:     5   Next: 39%
Magic:  8/8        EV: 11    Int: 12    God:
Gold:   140        SH:  3    Dex: 13    Spells: 4/4 levels left

rFire    . . .     SeeInvis .     - Unarmed
rCold    . . .     Gourm    .   k - +0 buckler
rNeg     . . .     Faith    .   b - +0 leather armour
rPois    .         Spirit   .   m - +0 helmet
rElec    .         Reflect  .   (no cloak)
rCorr    .         Harm     .   (no gloves)
MR       .....                  (no boots)
Stlth    +.........             (no amulet)
HPRegen  0.12/turn              (no ring)
MPRegen  0.11/turn              (no ring)

@: no status effects
A: hooves 1, demonic guardian 1, powered by pain 1, sturdy frame 1
a: no special abilities


You were on level 4 of the Dungeon.
You were not hungry.

You visited 1 branch of the dungeon, and saw 4 of its levels.

You collected 140 gold pieces.

Inventory:

Hand Weapons
 r - a +0 hunting sling
Missiles
 h - 148 stones (quivered)
 p - 5 needles of confusion
 q - 36 sling bullets
 u - 17 bolts
Armour
 b - a +0 leather armour (worn)
 k - a +0 buckler (worn)
 m - a +0 helmet (worn)
Wands
 c - a wand of flame (13)
 d - a wand of enslavement (15)
 e - a wand of random effects (13)
Scrolls
 g - 2 scrolls of magic mapping {unknown}
 i - 2 scrolls of identify {unknown}
 n - 3 scrolls of teleportation {unknown}
 o - a scroll of fog {unknown}
Potions
 a - a potion of agility {unknown}
 j - a potion of curing
 l - 3 potions of flight {unknown}
 s - a potion of heal wounds {unknown}
Comestibles
 f - 12 rations
 t - 10 chunks of flesh


   Skills:
 - Level 1.0 Fighting
   Level 0.8 Short Blades
 - Level 1.7 Dodging
 - Level 0.8 Stealth
 * Level 3.8 Unarmed Combat
 + Level 4.2 Evocations


You had 4 spell levels left.
You didn't know any spells.
Your spell library was empty.

Dungeon Overview and Level Annotations

Branches:
Dungeon (4/15)
 Temple: D:4-7

Altars:
Gozag

Annotations:
D:4 Eustachio


Innate Abilities, Weirdness & Mutations

You have large cloven feet.
A weak demonic guardian rushes to your aid.
You sometimes gain a little power by taking damage.
Your movements are slightly less encumbered by armour. (ER -2)


Message History

Eustachio mumbles some strange words.
You closely miss Eustachio.
Eustachio is almost dead.
The iguana bites you!
* * * LOW HITPOINT WARNING * * *
Your quasit completely misses Eustachio.
Your quasit claws Eustachio.
Your quasit claws Eustachio but does no damage.
The river rat completely misses your quasit.
Eustachio closely misses your quasit.
The shadow imp barely misses your quasit.
The river rat bites you!
* * * LOW HITPOINT WARNING * * *
It was a potion of curing.
You feel better.
Your quasit bites Eustachio.
Your quasit barely misses Eustachio.
Your quasit claws Eustachio but does no damage.
The iguana bites you!
* * * LOW HITPOINT WARNING * * *
The iron imp hits you!
You die...

#.#.#.# #...#.# ###...#
#.### #.# ######### #.#
#.......# #.### ###5r#
#...# #######
#.l@.#####.# #......
.#.##.#@5......###......
.......r.5..............
....#.#...[.........####
##....#.#.#########.#
##.###.#.#########.#
#.#...#...#.......#
#.#.#####.#.#######
#.............#


You could see Eustachio, an iguana, an iron imp, 2 river rats, a shadow imp and
a friendly quasit.

Vanquished Creatures
  An ogre (D:4)
  5 adders
  3 worms
  A dart slug (D:2)
  3 leopard geckos
  8 bats
  4 giant cockroaches (D:1)
  7 goblins
  3 hobgoblins
  2 jackals (D:1)
  8 kobolds
  A quokka (D:3)
  2 ball pythons (D:1)
  4 frilled lizards
  18 rats
70 creatures vanquished.

Notes
Turn   | Place    | Note
-------+----------+-------------------------------------------
     0 | D:1      | night the Demonspawn Artificer began the quest for the Orb.
     0 | D:1      | Reached XP level 1. HP: 15/15 MP: 3/3
   168 | D:1      | Reached skill level 1 in Unarmed Combat
   175 | D:1      | Gained mutation: You have large cloven feet. [demonic
                  | ancestry]
   175 | D:1      | Reached XP level 2. HP: 15/21 MP: 4/4
   946 | D:1      | Gained mutation: You sometimes gain a little power by
                  | taking damage. [demonic ancestry]
   946 | D:1      | Reached XP level 3. HP: 23/26 MP: 5/5
  1954 | D:2      | Gained mutation: A weak demonic guardian rushes to your
                  | aid. [demonic ancestry]
  1954 | D:2      | Reached XP level 4. HP: 16/32 MP: 6/6
  2271 | D:2      | Found an opulent altar of Gozag.
  3134 | D:4      | Reached skill level 4 in Evocations
  3175 | D:4      | Noticed Eustachio
  3175 | D:4      | Noticed an ogre
  3215 | D:4      | Killed an ogre
  3215 | D:4      | Gained mutation: Your movements are slightly less
                  | encumbered by armour. (ER -2) [demonic ancestry]
  3215 | D:4      | Reached XP level 5. HP: 26/37 MP: 8/8
  3338 | D:4      | Mangled by an iron imp

Skill      XL: |  1  2  3  4 |
---------------+-------------+-----
Unarmed Combat | 1 2 3 |  3.8
Evocations     | 4 |  4.2
Fighting       | |  1.0
Short Blades   | |  0.8
Dodging        | |  1.7
Stealth        | |  0.8

Action                   |  1- 3 |  4- 6 || total
-------------------------+-------+-------++-------
Melee: Unarmed           |   183 |   123 ||   306
       Kick              |    33 |    31 ||    64
Evoke: Wand              |     1 |     3 ||     4
  Use: Potion            |       |     1 ||     1
 Stab: Sleeping          |       |     1 ||     1
       Distracted        |       |     1 ||     1
  Eat: Chunk             |     3 |     5 ||     8
Armor: Leather armour    |    55 |    22 ||    77
Dodge: Dodged            |   108 |    64 ||   172
Block: Buckler           |    22 |    14 ||    36
